 Dungeon Crawl Stone Soup version 0.32-a0-43-g058985b245 (webtiles) character file.

Game seed: 1798192393854908311

40 voltaire321 the Sneak (level 3, -3/21 HPs)
             Began as an Octopode Earth Elementalist on Feb 3, 2024.
             Slain by a +2 spectral club (7 damage)
             ... created by Jessica
             ... on level 3 of the Dungeon.
             The game lasted 00:04:21 (1852 turns).

voltaire321 the Sneak (Octopode Earth Elementalist) Turns: 1852, Time: 00:04:22

Health: -3/21      AC:  1    Str:  7    XL:     3   Next: 50%
Magic:  4/6        EV: 13    Int: 19    God:
Gold:   133        SH:  0    Dex: 12    Spells: 5/6 levels left

rFire   . . .        g - +0 dagger
rCold   . . .        (no shield)
rNeg    . . .        (helmet restricted)
rPois   .            (no amulet)
rElec   .            (no ring)
rCorr   .            (no ring)
SInv    .            (no ring)
Will    .....        (no ring)
Stlth   +++          (no ring)
HPRegen 0.23/turn    (no ring)
MPRegen 0.10/turn    (no ring)
                     (no ring)

%: no passive effects
@: no status effects
A: almost no armour, amphibious, 8 rings, camouflage 1, gelatinous body 1,
(nimble swimmer 1), tentacles
a: no special abilities


You were on level 3 of the Dungeon.
You visited 1 branch of the dungeon, and saw 3 of its levels.

You collected 133 gold pieces.

Inventory:

Hand Weapons
 g - a +0 dagger (weapon)
Scrolls
 b - a scroll of revelation {unknown}
 d - a scroll of enchant weapon {unknown}
 f - 3 scrolls of identify {unknown}
Potions
 a - a potion of magic
 c - a potion of brilliance {unknown}
 e - a potion of curing {unknown}
 h - a potion of enlightenment {unknown}
 i - a potion of cancellation {unknown}
 j - a potion of degeneration {unknown}
 k - a potion of might {unknown}


   Skills:
 + Level 2.4 Dodging
 + Level 3.4 Stealth
 + Level 2.3 Spellcasting
 + Level 1.6 Conjurations
 + Level 3.3 Earth Magic


You had 5 spell levels left.
You knew the following spells:

 Your Spells              Type           Power      Damage    Failure   Level
a - Sandblast             Erth           28%        2d8       4%          1

Your spell library contained the following spells:

 Spells                   Type           Power      Damage    Failure   Level
 Magic Dart               Conj           32%        1d4       9%          1
 Passwall                 Erth           14%        N/A       13%         3
 Stone Arrow              Conj/Erth      22%        3d8       19%         3
 Blink                    Tloc           4%         N/A       26%         2
 Call Imp                 Summ           4%         N/A       26%         2
 Brom's Barrelling Bould  Conj/Erth      11%        2d3       52%         4
 Petrify                  Alch/Erth      8%         N/A       63%         4


Dungeon Overview and Level Annotations

Branches:
Dungeon (3/15)

Altars:

Shops:
D:1 :*

Annotations:
D:3 Jessica


Innate Abilities, Weirdness & Mutations

You cannot wear most types of armour.
You are amphibious.
You can wear up to eight rings at the same time.
Your skin changes colour to match your surroundings (Stealth+).
Your rubbery body absorbs attacks. (AC +1, EV +1)
((You are camouflaged when in or above water. (Stealth+)))
You have tentacles for arms and can constrict up to eight enemies at once.


Message History

Aiming: Sandblast (safe; 4% risk of failure)
Press: ? - help, Q - select action Shift-Dir - straight line, f - rat
Aim: a rat (asleep, 100% to hit)
The blast of sand hits the rat!
You kill the rat!
Found a cyan potion.
You open the door.
There is an open door here.
Found an escape hatch in the ceiling.
j - a cyan potion You open the door.
Found a stone staircase leading down.
A bat comes into view.
There is an open door here.
Aiming: Sandblast (safe; 4% risk of failure)
Press: ? - help, Q - select action Shift-Dir - straight line, f - bat
Aim: a bat (asleep, 100% to hit)
The blast of sand hits the bat!
You kill the bat!
k - a bubbling emerald potion You now have 133 gold pieces (gained 20).
Jessica the Apprentice Sorceress comes into view.
She is wielding a +2 spectral club and wearing a +2 robe of willpower.
Jessica shouts!
Jessica moves out of view.
Jessica gestures at you while chanting. Pain shoots through your body!
Ouch! That really hurt!
Aiming: Sandblast (safe; 4% risk of failure)
Press: ? - help, Q - select action Shift-Dir - straight line, f - Jessica
Aim: Jessica, wielding a +2 spectral club and wearing a +2 robe of willpower (82% to hit)
The blast of sand hits Jessica.
Jessica is moderately wounded.
Aiming: Sandblast (safe; 4% risk of failure)
Press: ? - help, Q - select action Shift-Dir - straight line, f/p - Jessica
Aim: Jessica, wielding a +2 spectral club and wearing a +2 robe of willpower (moderately wounded, 82% to hit)
The blast of sand misses Jessica.
Jessica hits you with a +2 spectral club.
* * * LOW HITPOINT WARNING * * *
The +2 spectral club hits you!
You die...

... .........#......#
.... .........+......+
....###....##...#......#
.......######...#......#
..........##...########
#.............#
##...^.........#
#..............#
#...(@...###...#
#...@##### #...#
.........# ..##
........... ..#
##........... ..#
#........@....
+.............
#...........##
......#####..


You could see a +2 spectral club (wandering) and Jessica.

Vanquished Creatures
  2 dart slugs
  An endoplasm (D:2)
  A giant cockroach (D:1)
  6 goblins
  3 hobgoblins
  3 jackals (D:1)
  2 quokkas
  2 ball pythons (D:1)
  A bat (D:3)
  A frilled lizard (D:2)
  4 kobolds (D:1)
  7 rats
33 creatures vanquished.

Notes
Turn   | Place    | Note
-------+----------+-------------------------------------------
     0 | D:1      | voltaire321 the Octopode Earth Elementalist began the quest
                  | for the Orb.
     0 | D:1      | Reached XP level 1. HP: 11/11 MP: 3/3
   102 | D:1      | Reached XP level 2. HP: 13/17 MP: 1/5
   499 | D:1      | Found a faded altar of an unknown god.
   575 | D:1      | Found Vivvi's Book Emporium.
   686 | D:1      | Found Rilou's Assorted Antiques.
  1225 | D:2      | Reached XP level 3. HP: 21/21 MP: 3/6
  1845 | D:3      | Noticed Jessica
  1852 | D:3      | Slain by a +2 spectral club

Illustrated notes

Levels and vault maps discovered:
D:1:      lightli_arrival_statue_moat, layout_basic, serial_shops, shop,
          nicolae_shop_real_fake_doors, shapermc_ecumenical_altar_venn
D:2:      layout_rooms, minmay_misc_feat_chi, grunt_ministairs_1
D:3:      layout_basic, mainiacjoe_overflow_alcove_1, st_stairs_10, uniq_robin,
          uniq_jessica, uniq_ijyb

Skill      XL: |  1  2 |
---------------+-------+-----
Stealth        | 3 |  3.4
Dodging        | |  2.4
Spellcasting   | |  2.3
Conjurations   | |  1.6
Earth Magic    | |  3.3

Action                     || total
---------------------------++-------
  Melee: Unarmed           ||     9
         Constrict         ||     2
         Tentacles         ||     2
   Cast: Sandblast         ||    42
 Armour: Skin              ||     8
  Dodge: Dodged            ||     9

Table legend: (Time is in decaauts)
 A = Elapsed time spent in this place.
 B = Non-inter-level travel time spent in this place.
 C = Inter-level travel time spent in this place.
 D = Time resting spent in this place.
 E = Time spent auto-exploring this place.
 F = Levels seen in this place.
 G = Mean time per level.
                   A        B        C        D        E       F      G
               +--------+--------+--------+--------+--------+-----+--------+
         Total |   1871 |   1857 |     14 |     38 |   1456 |   3 |  623.7 |
       Dungeon |   1871 |   1857 |     14 |     38 |   1456 |   3 |  623.7 |
               +--------+--------+--------+--------+--------+-----+--------+

Top non-repeatable levels by time:
     D:1: 1233 daAuts
     D:2: 551 daAuts
     D:3: 86 daAuts
